 Dungeon Crawl Stone Soup version 0.19.0-9-gfd783f2 (webtiles) character file.

1514 Gingerlord the Ruffian (level 8, 0/83 HPs)
             Began as a Troll Wanderer on Nov 7, 2016.
             Was a Follower of Qazlal.
             Slain by a hog (8 damage)
             ... on level 7 of the Dungeon.
             The game lasted 00:07:58 (4034 turns).

Gingerlord the Ruffian (Troll Wanderer)             Turns: 4034, Time: 00:08:00

Health: 0/83       AC:  5    Str: 23    XL:     8   Next: 53%
Magic:  7/7        EV: 12    Int:  7    God:    Qazlal [*.....]
Gold:   159        SH:  1    Dex: 13    Spells: 0 memorised, 7 levels left

rFire  . . .     SeeInvis .       - Unarmed
rCold  . . .     Gourm    +     e - +0 robe
rNeg   . . .     Faith    .     (no shield)
rPois  .         Spirit   .     (helmet restricted)
rElec  .         Reflect  .     (no cloak)
rCorr  .         Harm     .     (gloves unavailable)
MR     .....                    (boots unavailable)
Stlth  +.........               (no amulet)
                                (no ring)
                                m - +3 ring of dexterity

@: no status effects
A: unfitting armour, claws 3, fast metabolism 3, gourmand, regeneration 1,
shaggy fur 1, tough skin 2
a: Renounce Religion


You were on level 7 of the Dungeon.
You worshipped Qazlal.
Qazlal was aware of your devotion.
You were not hungry.

You visited 2 branches of the dungeon, and saw 8 of its levels.

You collected 159 gold pieces.

Inventory:

Missiles
 G - 4 large rocks (quivered)
Armour
 e - a +0 robe (worn)
Jewellery
 m - a +3 ring of dexterity (left claw)
 o - a +4 amulet of reflection {unknown}
Wands
 A - a wand of iceblast (13/15)
Scrolls
 c - 2 scrolls of blinking {unknown}
 g - 6 scrolls of remove curse {unknown}
 h - 3 scrolls of identify {unknown}
 j - a scroll of magic mapping {unknown}
 n - 2 scrolls of enchant weapon {unknown}
 q - a scroll of random uselessness {unknown}
 r - a scroll of recharging {unknown}
 s - a scroll of noise {unknown}
 v - a scroll of enchant armour {unknown}
 w - a scroll of amnesia {unknown}
 x - a scroll of fog {unknown}
 y - 2 scrolls of teleportation {unknown}
 D - a scroll of fear {unknown}
Potions
 a - 3 potions of berserk rage
 b - 2 potions of haste
 d - 4 potions of curing
 k - a potion of ambrosia {unknown}
 l - a potion of magic {unknown}
 p - a potion of might {unknown}
 u - a potion of agility {unknown}
 z - a potion of invisibility {unknown}
 B - a potion of flight {unknown}
 F - a potion of lignification {unknown}
 H - a potion of degeneration {unknown}
Comestibles
 f - 6 bread rations
 i - 4 meat rations
 t - 3 fruits
 C - a beef jerky
 E - 2 slices of pizza


   Skills:
 + Level 6.0 Fighting
   Level 1.0 Maces & Flails
 + Level 2.0 Throwing
 + Level 4.8 Dodging
   Level 1.0 Shields
 + Level 6.2 Unarmed Combat
 - Level 1.0 Evocations


You had 7 spell levels left.
You didn't know any spells.

Dungeon Overview and Level Annotations

Branches:
Dungeon (7/15)             Temple (1/1) D:4

Altars:
Ashenzari
Cheibriados
Elyvilon
Fedhas
Gozag
Hepliaklqana
Kikubaaqudgha
Makhleb
Nemelex Xobeh
Qazlal
Ru
Sif Muna
Uskayaw
Vehumet
Yredelemnul
Zin
The Shining One

Shops:
D:7 =


Innate Abilities, Weirdness & Mutations

You are too large for most types of armour.
You have claws for hands.
Your metabolism is lightning-fast.
You like to eat raw meat.
Your natural rate of healing is unusually fast.
You are covered in fur. (AC +1)
You have very tough skin. (AC +2)


Message History

The hog barely misses you. The hog completely misses you.
The human closely misses you.
You scratch the hog.
The hog is heavily wounded.
The hog barely misses you. The hog bites you.
You barely miss the hog.
The hog is heavily wounded.
The hog bites you. The human hits you with a hand axe. The hog bites you.
You claw the hog!
The hog is almost dead.
The hog barely misses you. The hog bites you!
The human hits you with a hand axe. You block the hog's attack.
You barely miss the hog.
The hog is almost dead.
The hog bites you!
* * * LOW HITPOINT WARNING * * *
The human misses you. The hog bites you!
* * * LOW HITPOINT WARNING * * *
The hog bites you!
You die...

#.# ##.#######
.........>
##.#######
##.######
#.......# ###
#.......#
##.#######
#.......#
#..'hh.%%#
#.......#
##..#@ph.%#
#.......#
#..####'###
#.......#
#.###.....#
#######.####.#
#.....#
#......#
#######
####.### #.#
#.# #.#


You could see 3 hogs and a human.

Vanquished Creatures
  Eustachio (D:5)
  A human (D:6)
  A hog (D:7)
  A sky beast (D:5)
  A phantom (D:5)
  2 ogres
  A centaur (D:5)
  2 bullfrogs
  2 scorpions (D:6)
  A crimson imp (D:5)
  A jelly (D:7)
  A bullfrog skeleton (D:4)
  A centaur zombie (D:6)
  3 worker ants
  An iguana (D:4)
  A hound skeleton (D:5)
  A worker ant zombie (D:6)
  A gnoll (D:1)
  7 adders
  2 shadow imps
  2 oozes
  2 adder skeletons
  5 worms
  4 dart slugs
  6 leopard geckos
  An orc (D:3)
  8 giant cockroaches
  11 hobgoblins
  3 jackals (D:4)
  3 ball pythons
  A ball python zombie (D:5)
  5 bats
  3 frilled lizards
  4 goblins
  A goblin zombie (D:6)
  A jackal zombie (D:6)
  7 kobolds
  A leopard gecko skeleton (D:4)
  2 quokka skeletons
  4 rats
106 creatures vanquished.

Notes
Turn   | Place    | Note
-------+----------+-------------------------------------------
     0 | D:1      | Gingerlord the Troll Wanderer began the quest for the Orb.
     0 | D:1      | Gingerlord set off with: a potion of berserk rage, a potion of haste, a +0 hand axe, a potion of curing, a +0 robe, 2 bread rations
     0 | D:1      | Reached XP level 1. HP: 23/23 MP: 0/0
   249 | D:1      | Reached XP level 2. HP: 31/31 MP: 1/1
   586 | D:1      | Reached XP level 3. HP: 37/37 MP: 2/2
   923 | D:2      | You fall through a shaft for 2 floors!
  1226 | D:2      | Reached XP level 4. HP: 41/48 MP: 3/3
  1881 | D:4      | Noticed a bullfrog
  1890 | D:4      | Killed a bullfrog
  1890 | D:4      | Reached XP level 5. HP: 47/54 MP: 4/4
  1893 | D:4      | Noticed an ogre
  1901 | D:4      | Killed an ogre
  1901 | D:4      | Reached XP level 6. HP: 48/63 MP: 5/5
  1972 | D:4      | Found a staircase to the Ecumenical Temple.
  1997 | Temple   | Entered the Ecumenical Temple
  2126 | Temple   | Became a worshipper of Qazlal Stormbringer
  2534 | D:5      | Entered Level 5 of the Dungeon
  2660 | D:5      | Noticed Eustachio
  2674 | D:5      | Killed Eustachio
  2674 | D:5      | Reached XP level 7. HP: 37/71 MP: 6/6
  2746 | D:5      | Reached skill level 5 in Fighting
  2795 | D:5      | Found a burning altar of Makhleb.
  2915 | D:5      | Reached skill level 5 in Unarmed Combat
  3297 | D:6      | Reached XP level 8. HP: 74/81 MP: 7/7
  3368 | D:6      | Found a runed door.
  3373 | D:6      | Reached * piety under Qazlal
  3376 | D:6      | Found a basalt altar of Yredelemnul.
  3408 | D:6      | Reached skill level 1 in Throwing
  3981 | D:7      | Found Boug's Jewellery Boutique.
  4034 | D:7      | Slain by a hog

Skill      XL: |  1  2  3  4  5  6  7  8 |
---------------+-------------------------+-----
Unarmed Combat | 2 3 4 5 6 |  6.2
Dodging        | 2 3 4 |  4.8
Fighting       | 4 5 6 |  6.0
Throwing       | 2 |  2.0
Maces & Flails | |  1.0
Shields        | |  1.0
Evocations     | |  1.0

Action                   |  1- 3 |  4- 6 |  7- 9 || total
-------------------------+-------+-------+-------++-------
Melee: Unarmed           |   119 |   127 |   118 ||   364
       Punch             |     1 |     3 |     1 ||     5
 Stab: Sleeping          |     1 |     1 |       ||     2
  Eat: Chunk             |    14 |    13 |     7 ||    34
Armor: Robe              |    50 |    38 |    19 ||   107
Dodge: Dodged            |    49 |    65 |    67 ||   181
Block: Other             |       |       |     2 ||     2
